 Dungeon Crawl Stone Soup version 0.23.0-3-gf3c87f2 (webtiles) character file.

Game seed: 15212081536250004884

123 Borgoz the Sneak (level 5, 0/41 HPs)
             Began as a Ghoul Assassin on Feb 24, 2019.
             Slain by a white imp (2 damage)
             ... summoned by Natasha
             ... on level 2 of the Dungeon.
             The game lasted 00:03:11 (1777 turns).

Borgoz the Sneak (Ghoul Assassin)                   Turns: 1777, Time: 00:03:13

Health: 0/41       AC:  3    Str: 15      XL:     5   Next: 7%
Magic:  4/4        EV: 12    Int:  7      God:
Gold:   76         SH:  0    Dex:  8 (10) Spells: 4/4 levels left

rFire    . . .     SeeInvis .   a - +2 dagger
rCold    + . .     Gourm    .   (no shield)
rNeg     + + +     Faith    .   c - +0 robe
rPois    ∞         Spirit   .   (no helmet)
rElec    .         Reflect  .   d - +0 cloak
rCorr    .         Harm     .   (no gloves)
MR       .....                  (no boots)
Stlth    +++.......             (no amulet)
HPRegen  0.00/turn              (no ring)
MPRegen  0.09/turn              (no ring)

@: rotting, slowed, very slow
A: rotting body, claws 1, carnivore, cold resistance 1, negative energy
resistance 3, inhibited regeneration, torment resistance, unbreathing
a: no special abilities


You were on level 2 of the Dungeon.
You were not hungry.

You visited 1 branch of the dungeon, and saw 2 of its levels.

You collected 76 gold pieces.

Inventory:

Hand Weapons
 a - a +2 dagger (weapon)
 b - a +0 blowgun
Missiles
 e - 6 poisoned needles
 f - 2 curare-tipped needles
Armour
 c - a +0 robe (worn)
 d - a +0 cloak (worn)
 q - a +0 pair of boots
Scrolls
 h - a scroll of enchant weapon {unknown}
 j - 2 scrolls of remove curse {unknown}
 l - 2 scrolls of identify {unknown}
 m - a scroll of fog {unknown}
 n - a scroll of teleportation {unknown}
 o - a scroll of fear {unknown}
Comestibles
 g - 4 rations
 p - 3 chunks of flesh


   Skills:
 - Level 2.1 Fighting
 * Level 3.5 Short Blades
 - Level 1.7 Throwing
 + Level 2.1 Dodging
 + Level 5.2 Stealth


You had 4 spell levels left.
You didn't know any spells.
Your spell library was empty.

Dungeon Overview and Level Annotations

Branches:
Dungeon (2/15)

Altars:
Gozag
Makhleb
Qazlal
Ru
Trog
Uskayaw

Annotations:
D:2 Natasha


Innate Abilities, Weirdness & Mutations

Your body is rotting away.
You thrive on raw meat.
You are immune to poison.
You have sharp fingernails.
You are carnivorous and can eat meat at any time.
Your flesh is cold resistant. (rC+)
You are immune to negative energy. (rN+++)
You do not regenerate when monsters are visible.
You are immune to unholy pain and torment.
You can survive without breathing.


Message History

You hit Natasha but do no damage.
Natasha is moderately wounded.
Natasha misses you. The white imp gestures at you. The puff of frost hits you.
You resist. Natasha claws you.
It was a potion of mutation.
You feel extremely strange.
Your body decomposes!
You feel clumsy.
Your body decomposes!
You feel clumsy.
The white imp shouts, "Get thee hence, thou craven ruttish swadder!"
The white imp closely misses you. Natasha closely misses you.
The white imp barely misses you.
It was a potion of magic.
Magic courses through your body. Natasha claws you!
* * * LOW HITPOINT WARNING * * *
The white imp laughs crazily.
The white imp hits you.
* * * LOW HITPOINT WARNING * * *
The white imp freezes you. You resist.
You die...

##### ...# ####
##.######...#
##.....5@hb#
#.....####5..#
##...## ..##
##)## .(# #.#
.[5 #)# .### #.#
##'## .# #.#
##...## .#
####.####....)##


You could see an iron imp, Natasha, a white imp and a bat.

Vanquished Creatures
  Jessica (D:2)
  Natasha (twice) (D:2)
  An adder (D:2)
  An ooze (D:1)
  2 dart slugs
  2 leopard geckos (D:1)
  A ball python (D:2)
  3 bats
  3 goblins (D:1)
  8 hobgoblins
  3 frilled lizards
  2 kobolds
  2 rats
31 creatures vanquished.

Notes
Turn   | Place    | Note
-------+----------+-------------------------------------------
     0 | D:1      | Borgoz the Ghoul Assassin began the quest for the Orb.
     0 | D:1      | Reached XP level 1. HP: 17/17 MP: 0/0
    27 | D:1      | Reached skill level 1 in Dodging
   199 | D:1      | Reached XP level 2. HP: 24/24 MP: 1/1
   640 | D:1      | Reached XP level 3. HP: 16/29 MP: 2/2
  1127 | D:2      | Noticed Natasha
  1134 | D:2      | Killed Natasha
  1294 | D:2      | Found an opulent altar of Gozag.
  1294 | D:2      | Found a hide-covered altar of Uskayaw.
  1300 | D:2      | Found a burning altar of Makhleb.
  1302 | D:2      | Found a sacrificial altar of Ru.
  1304 | D:2      | Found a stormy altar of Qazlal.
  1324 | D:2      | Noticed Natasha
  1334 | D:2      | Killed Natasha
  1334 | D:2      | Reached skill level 5 in Stealth
  1334 | D:2      | Reached XP level 4. HP: 24/35 MP: 3/3
  1574 | D:2      | Noticed Jessica
  1586 | D:2      | Killed Jessica
  1586 | D:2      | Reached XP level 5. HP: 40/41 MP: 4/4
  1716 | D:2      | Found a bloodstained altar of Trog.
  1753 | D:2      | Noticed Natasha
  1777 | D:2      | HP: 2/41 [white imp[Natasha] (2)]
  1777 | D:2      | Slain by a white imp

Skill      XL: |  1  2  3  4 |
---------------+-------------+-----
Dodging        | 1 2 |  2.1
Short Blades   | 2 3 |  3.5
Stealth        | 5 |  5.2
Fighting       | |  2.1
Throwing       | |  1.7

Action                   |  1- 3 |  4- 6 || total
-------------------------+-------+-------++-------
Melee: Dagger            |   100 |    43 ||   143
 Fire: Blowgun           |       |     2 ||     2
  Use: Potion            |     1 |     2 ||     3
 Stab: Sleeping          |     1 |     2 ||     3
  Eat: Chunk             |     7 |     2 ||     9
Armor: Robe              |    19 |     6 ||    25
Dodge: Dodged            |    64 |    22 ||    86
